 Dungeon Crawl Stone Soup version 0.28-a0-1227-ga9037bb4c8 (webtiles) character file.

Game seed: 2359614684397715770

423 ChaosChampion the Insei (level 6, -7/42 HPs)
             Began as an Octopode Transmuter on Dec 22, 2021.
             Mangled by an orc warrior (14 damage)
             ... on level 4 of the Dungeon.
             The game lasted 00:05:09 (5013 turns).

ChaosChampion the Insei (Octopode Transmuter)       Turns: 5013, Time: 00:05:10

Health: -7/42      AC:  2    Str:  9    XL:     6   Next: 95%
Magic:  4/9        EV: 21    Int: 17    God:
Gold:   219        SH:  0    Dex: 18    Spells: 3/9 levels left

rFire   . . .      SeeInvis .     - Unarmed
rCold   . . .      Faith    .   (shield currently unavailable)
rNeg    . . .      Spirit   .   (helmet currently unavailable)
rPois   x          Reflect  .   (no amulet)
rElec   .          Harm     .   (no ring)
rCorr   .          Rampage  .   (no ring)
Will    .....                   (no ring)
Stlth   ++........              (no ring)
HPRegen 0.14/turn               (no ring)
MPRegen 0.11/turn               (no ring)
                                (no ring)
                                (no ring)

@: spider-form, wereblooded
A: venomous fangs, almost no armour, (amphibious), 8 rings, tiny, (camouflage
1), (gelatinous body 1), (nimble swimmer 1), (tentacles)
a: End Transformation


You were on level 4 of the Dungeon.
You were a venomous arachnid creature.
You visited 1 branch of the dungeon, and saw 4 of its levels.

You collected 219 gold pieces.

Inventory:

Jewellery
 d - an amulet of faith
Scrolls
 c - a scroll of immolation {unknown}
 e - 2 scrolls of teleportation {unknown}
 f - 2 scrolls of identify {unknown}
 g - 2 scrolls of amnesia {unknown}
 h - a scroll of vulnerability {unknown}
Potions
 a - 3 potions of curing {unknown}
 b - a potion of ambrosia {unknown}
 i - a potion of berserk rage {unknown}


   Skills:
 + Level 3.3 Fighting
 + Level 3.9 Dodging
 * Level 5.7 Unarmed Combat
 - Level 2.0 Spellcasting
 - Level 2.0 Transmutations


You had 3 spell levels left.
You knew the following spells:

 Your Spells              Type           Power      Damage    Failure   Level
a - Beastly Appendage     Tmut           16%        N/A       22%         1
b - Wereblood             Tmut           8%         N/A       30%         2
c - Spider Form           Tmut/Pois      5%         N/A       58%         3

Your spell library contained the following spells:

 Spells                   Type           Power      Damage    Failure   Level
 Passwall                 Tmut/Erth      4%         N/A       38%         2
 Static Discharge         Conj/Air       1%         N/A       50%         2
 Swiftness                Air            1%         N/A       71%         3
 Ice Form                 Ice/Tmut       5%         N/A       90%         4
 Lightning Bolt           Conj/Air       0%         1d11      100%        5
 Maxwell's Capacitive Co  Air            0%         ∞         100%        8


Dungeon Overview and Level Annotations

Branches:
Dungeon (4/15)
 Temple: D:4-7

Altars:
Xom


Innate Abilities, Weirdness & Mutations

You are a venomous arachnid creature.
You have poisonous fangs.
You are tiny and dextrous.
Your spellcasting is less reliable in this form.
Your armour is entirely melded.
You are incapable of wielding weapons or throwing items.
You cannot wear most types of armour.
((You are amphibious.))
You can wear up to eight rings at the same time.
((Your skin changes colour to match your surroundings (Stealth+).))
((Your rubbery body absorbs attacks. (AC +1, EV +1)))
((You are camouflaged when in or above water. (Stealth+)))
((You have tentacles for arms and can constrict up to eight enemies at once.))


Message History

Things that are here:
a +0 club; a +0 leather armour; an orc corpse
There is a stone staircase leading up here.
HP restored.
Found 6 stones.
An orc warrior comes into view. It is wielding a +0 glaive.
The orc warrior moves out of view.
There is a stone staircase leading up here.
There is an open door here.
A goblin comes into view. It is wielding a +0 dagger.
Found a stone staircase leading down.
A goblin is nearby!
A goblin is nearby!
A goblin is nearby!
A goblin is nearby!
The orc warrior shouts!
You hear a shout!
Throw: throwing net
Press: ? - help, Q - select action, (/) - cycle Shift-Dir - straight line, f - orc warrior
Aim: an orc warrior, wielding a +0 glaive and wearing a +0 chain mail (53% to hit)
You throw a throwing net.
The throwing net closely misses the orc warrior.
Casting: Beastly Appendage (safe; 9% risk of failure)
Confirm with . or Enter, or press ? or * to list all spells.
The spell is quite dangerous to miscast (36% risk of failure)!
Continue anyway?
You turn into a venomous arachnid creature.
Casting: Spider Form (quite dangerous; 58% risk of failure)
Confirm with . or Enter, or press ? or * to list all spells.
Your blood is infused with primal strength.
The orc warrior closely misses you.
The orc warrior hits you with a +0 glaive!
The goblin closely misses you.
You hit the orc warrior but do no damage.
The orc warrior is poisoned.
The orc warrior hits you with a +0 glaive!!
Ouch! That really hurt!
* * * LOW HITPOINT WARNING * * *
The goblin misses you.
You are too injured to fight recklessly!
The orc warrior hits you from afar with a +0 glaive!
You die...

#.^...## ###################
.......# #(.........<.......
......#.#.########..)#####. .
......#.#...........)..(.#.
..#####.###...############).##.#.
..........)...............>....#.
..##.##.####..#..######...######.
.....<#.# #..#.......'..........
#####.#.####..##s######...#######
..............##.#### #...#
#####.#.....#..go...#######
...#######.##.##.......# #.#...
.................# # ####
#####....##......# #............+
##...##......# #...##......#


You could see an orc warrior (very poisoned) and a goblin.

Vanquished Creatures
  A black bear (D:3)
  A bullfrog (D:3)
  Terence (D:2)
  Natasha (thrice) (D:2)
  9 adders
  A gnoll (D:1)
  A worm (D:3)
  A dart slug (D:4)
  8 orcs
  4 endoplasms
  3 giant cockroaches
  3 goblins (D:2)
  5 hobgoblins
  5 jackals (D:1)
  3 quokkas
  5 ball pythons
  6 bats
  5 frilled lizards
  8 kobolds
  3 rats (D:1)
76 creatures vanquished.

Notes
Turn   | Place    | Note
-------+----------+-------------------------------------------
     0 | D:1      | ChaosChampion the Octopode Transmuter began the quest for
                  | the Orb.
     0 | D:1      | Reached XP level 1. HP: 13/13 MP: 3/3
    20 | D:1      | Reached XP level 2. HP: 16/18 MP: 3/5
    58 | D:1      | Learned a level 2 spell: Wereblood
   624 | D:1      | Reached XP level 3. HP: 23/23 MP: 6/6
   664 | D:1      | Found a faded altar of an unknown god.
  1397 | D:2      | Noticed Terence
  1631 | D:1      | Learned a level 3 spell: Spider Form
  1641 | D:2      | Killed Terence
  1642 | D:2      | Reached skill level 4 in Unarmed Combat
  1642 | D:2      | Reached XP level 4. HP: 11/29 MP: 1/7
  2419 | D:2      | Noticed Natasha
  2424 | D:2      | Killed Natasha
  2425 | D:2      | Reached XP level 5. HP: 35/35 MP: 4/8
  2661 | D:2      | Noticed Natasha
  2669 | D:2      | Killed Natasha
  2716 | D:2      | Noticed Natasha
  2726 | D:2      | Killed Natasha
  3146 | D:3      | Noticed a black bear
  3242 | D:3      | Killed a black bear
  3243 | D:3      | Reached skill level 5 in Unarmed Combat
  3243 | D:3      | Reached XP level 6. HP: 12/42 MP: 6/9
  4459 | D:3      | Found a shimmering altar of Xom.
  4951 | D:4      | Noticed an orc warrior
  5013 | D:4      | Mangled by an orc warrior

Illustrated notes

Levels and vault maps discovered:
D:1:      dpeg_arrival_round_c, layout_basic, hellmonk_ecumenical_altar_lost_god
D:2:      layout_basic, uniq_natasha, uniq_terence
D:3:      layout_loops_corners, mainiacjoe_overflow_concentric_impassable,
          minmay_quantized
D:4:      minmay_door_path, layout_basic, hangedman_decor_peaks_small

Skill      XL: |  1  2  3  4  5 |
---------------+----------------+-----
Fighting       | 2 3 |  3.3
Unarmed Combat | 4 5 |  5.7
Dodging        | 3 |  3.9
Spellcasting   | |  2.0
Transmutations | |  2.0

Action                   |  1- 3 |  4- 6 || total
-------------------------+-------+-------++-------
Melee: Unarmed           |    80 |   120 ||   200
       Constrict         |    19 |    17 ||    36
       Tentacles         |    15 |     9 ||    24
       Kick              |     6 |     3 ||     9
       Punch             |       |     4 ||     4
Throw: Throwing net      |       |     1 ||     1
 Cast: Beastly Appendage |     7 |     6 ||    13
       Wereblood         |     4 |     8 ||    12
       Spider Form       |     1 |    12 ||    13
 Stab: Sleeping          |     4 |     4 ||     8
Armor: Skin              |     9 |     5 ||    14
Dodge: Dodged            |    52 |    89 ||   141

Table legend: (Time is in decaauts)
 A = Elapsed time spent in this place.
 B = Non-inter-level travel time spent in this place.
 C = Inter-level travel time spent in this place.
 D = Time resting spent in this place.
 E = Time spent auto-exploring this place.
 F = Levels seen in this place.
 G = Mean time per level.
                   A        B        C        D        E       F      G
               +--------+--------+--------+--------+--------+-----+--------+
         Total |   4998 |   4923 |     75 |   1182 |   3102 |   4 | 1249.5 |
       Dungeon |   4998 |   4923 |     75 |   1182 |   3102 |   4 | 1249.5 |
               +--------+--------+--------+--------+--------+-----+--------+

Top non-repeatable levels by time:
     D:3: 2031 daAuts
     D:2: 1585 daAuts
     D:1: 1231 daAuts
     D:4: 149 daAuts
